 Dungeon Crawl Stone Soup version 0.17-a0-1-g1f4be75 (webtiles) character file.

582 McCoppin the Quickloader (level 7, -1/50 HPs)
             Began as a Formicid Hunter on Mar 5, 2015.
             Was a Believer of Trog.
             Slain by an orc priest
             ... wielding a +2 mace of protection
              (4 damage)
             ... on level 5 of the Dungeon.
             The game lasted 00:14:02 (3637 turns).

McCoppin the Quickloader (Formicid Hunter)          Turns: 3637, Time: 00:14:02

Health: -1/50      AC:  8    Str: 19    XL:     7   Next: 63%
Magic:  9/9        EV:  9    Int: 10    God:    Trog [**....]
Gold:   227        SH:  0    Dex: 11    Spells: 0 memorised, 6 levels left

rFire  . . .     SeeInvis +     b - +1 hand crossbow
rCold  . . .     Clarity  .     i - +0 chain mail
rNeg   . . .     SustAb   .     (no shield)
rPois  .         Gourm    .     (helmet unavailable)
rElec  .         Spirit   .     (no cloak)
rCorr  .         Warding  .     (no gloves)
rMut   .         Stasis   +     (no boots)
MR     .....                    (no amulet)
Stlth  ..........               (no ring)
                                e - +2 ring of evasion

@: not resistant to hostile enchantments, extremely unstealthy
A: permanent stasis, dig shafts and tunnels, four strong arms, antennae 3
a: Dig, Shaft Self, Burn Spellbooks, Trog's Hand, Renounce Religion


You were on level 5 of the Dungeon.
You worshipped Trog.
Trog was pleased with you.
You were not hungry.

You visited 1 branch of the dungeon, and saw 5 of its levels.

You collected 227 gold pieces.

Inventory:

Hand weapons
 a - a cursed +0 short sword
 b - a +1 hand crossbow (weapon)
Missiles
 c - 9 bolts (quivered)
 j - 45 poisoned needles
 q - 173 stones
 y - 2 curare-tipped needles
Armour
 d - a +0 leather armour
 i - a +0 chain mail (worn)
Jewellery
 e - a +2 ring of evasion (left hand)
Magical devices
 A - a wand of lightning (4)
Scrolls
 k - 5 scrolls of identify {unknown}
 l - a scroll of remove curse {unknown}
 m - a scroll of fear {unknown}
 o - a scroll of amnesia {unknown}
 p - a scroll of blinking {unknown}
 s - a scroll of recharging {unknown}
 x - a scroll of teleportation {unknown}
 z - a scroll of fog {unknown}
Potions
 g - a potion of restore abilities {unknown}
 h - 2 potions of curing {unknown}
 n - a potion of heal wounds {unknown}
 r - a potion of lignification {unknown}
 t - a potion of might {unknown}
 v - a potion of agility {unknown}
 w - a potion of brilliance {unknown}
Comestibles
 f - 2 bread rations
 u - a meat ration


   Skills:
 - Level 2.1 Fighting
 + Level 8.7 Crossbows
 - Level 1.7 Dodging
 - Level 1.2 Stealth


You had 6 spell levels left.
You didn't know any spells.

Dungeon Overview and Level Annotations

Branches:
Dungeon (5/15)
 Temple: D:4-7

Altars:
Dithmenos
Gozag
Sif Muna
Trog
Vehumet
Yredelemnul
The Shining One


Innate Abilities, Weirdness & Mutations

You are under a permanent stasis effect.
You can dig through walls and to a lower floor.
Your four strong arms can wield two-handed weapons with a shield.
You have a pair of large antennae on your head (SInv).


Message History

The orc priest is severely wounded.
The orc priest closely misses you.
Firing (i - inventory. (,) - cycle):
c - 11 bolts (quivered)
Press: ? - help, Shift-Dir - straight line, f/p - orc priest
Aim: an orc priest, wielding a mace of protection and wearing a scale mail (severely wounded)
You shoot a bolt.
The bolt hits the orc priest but does no damage.
The orc priest is severely wounded.
The orc closely misses you.
The orc priest hits you with a mace of protection.
* * * LOW HITPOINT WARNING * * *
Firing (i - inventory. (,) - cycle):
c - 10 bolts (quivered)
Press: ? - help, Shift-Dir - straight line, f/p - orc priest
Aim: an orc priest, wielding a mace of protection and wearing a scale mail (severely wounded)
You shoot a bolt.
The bolt hits the orc priest but does no damage.
The orc priest is severely wounded.
The orc barely misses you.
The orc priest hits you with a mace of protection.
You die...

## .† ######.##
####...@))(###
#......oo..((...
#.#..###...####
#....###...# ###
#..........(...#
##....##...###.###
##...# #.## #..( #
#...###.#
#..####.#
#....##.#
#..##...##


You could see an orc priest and an orc.

Vanquished Creatures
  Menkaure (D:4)
  A scorpion (D:4)
  A crimson imp (D:4)
  2 orc priests (D:5)
  4 orc wizards (D:5)
  A worker ant (D:4)
  Jessica (D:3)
  Robin (D:4)
  3 gnolls (D:3)
  5 adders
  An adder skeleton (D:4)
  2 giant geckos (D:1)
  10 orcs
  A ball python (D:4)
  10 bats
  7 giant cockroaches
  2 gnoll zombies (D:3)
  19 goblins
  5 hobgoblins
  6 jackals
  An ooze (D:1)
  2 quokkas
  A giant gecko skeleton (D:4)
  4 giant newts
  11 kobolds
  A quokka skeleton (D:5)
  12 rats
115 creatures vanquished.

Notes
Turn   | Place    | Note
--------------------------------------------------------------
     0 | D:1      | McCoppin, the Formicid Hunter, began the quest for the Orb.
     0 | D:1      | Reached XP level 1. HP: 16/16 MP: 1/1
   196 | D:1      | Reached XP level 2. HP: 22/22 MP: 3/3
   459 | D:1      | Reached XP level 3. HP: 27/27 MP: 4/4
   852 | D:2      | Found an opulent altar of Gozag.
   881 | D:2      | Reached skill level 5 in Crossbows
  1064 | D:2      | Reached XP level 4. HP: 26/33 MP: 5/5
  1191 | D:2      | Found a glowing golden altar of the Shining One.
  1556 | D:3      | Noticed Jessica
  1558 | D:3      | Killed Jessica
  1558 | D:3      | Reached skill level 6 in Crossbows
  1558 | D:3      | Reached XP level 5. HP: 38/38 MP: 7/7
  1665 | D:3      | Found a bloodstained altar of Trog.
  1665 | D:3      | Found a radiant altar of Vehumet.
  1670 | D:3      | Became a worshipper of Trog the Wrathful
  2036 | D:3      | Found a basalt altar of Yredelemnul.
  2437 | D:4      | Found a shadowy altar of Dithmenos.
  2460 | D:4      | Noticed Menkaure
  2464 | D:4      | Killed Menkaure
  2464 | D:4      | Reached skill level 7 in Crossbows
  2464 | D:4      | Reached XP level 6. HP: 44/44 MP: 8/8
  2497 | D:4      | Noticed Robin
  2515 | D:4      | Killed Robin
  2822 | D:4      | Acquired Trog's first power
  3106 | D:4      | Found a deep blue altar of Sif Muna.
  3158 | D:4      | Reached XP level 7. HP: 50/50 MP: 9/9
  3320 | D:4      | Reached skill level 8 in Crossbows
  3350 | D:5      | Entered Level 5 of the Dungeon
  3487 | D:5      | Acquired Trog's second power
  3637 | D:5      | Slain by an orc priest

Action                   |  1- 3 |  4- 6 |  7- 9 || total
-------------------------+-------+-------+-------++-------
 Fire: Hand crossbow     |    81 |   154 |    73 ||   308
Invok: Burn Spellbooks   |       |     2 |       ||     2
       Trog's Hand       |       |       |     1 ||     1
 Abil: Dig               |       |     1 |       ||     1
  Eat: Chunk             |       |     4 |       ||     4
       Beef jerky        |       |     1 |       ||     1
       Bread ration      |       |       |     1 ||     1
